 Dungeon Crawl Stone Soup version 0.30-a0-135-g630cfc4551 (webtiles) character file.

Game seed: 10446305438347580938

2 KarmaKiller the Trooper (level 1, -3/14 HPs)
             Began as a Gargoyle Berserker on Sept 20, 2022.
             Was a Follower of Trog.
             Slain by a goblin
             ... wielding a +0 club
              (4 damage)
             ... on level 1 of the Dungeon.
             The game lasted 00:00:53 (92 turns).

KarmaKiller the Trooper (Gargoyle Berserker)          Turns: 92, Time: 00:00:53

Health: -3/14      AC:  4    Str: 20    XL:     1   Next: 40%
Magic:  1/1        EV: 11    Int:  7    God:    Trog [*.....]
Gold:   0          SH:  0    Dex:  9    Spells: 0/0 levels left

rFire   . . .      SeeInvis .    a - +0 mace
rCold   . . .      Faith    .    (no shield)
rNeg    + . .      Spirit   .    b - +0 animal skin
rPois   ∞          Reflect  .    (no helmet)
rElec   +          Harm     .    (no cloak)
rCorr   .          Rampage  .    (no gloves)
Will    .....                    (no boots)
Stlth   +.........               (no amulet)
HPRegen 0.04/turn                (no ring)
MPRegen 0.07/turn                (no ring)

@: no status effects
A: sickness immunity, AC +2, negative energy resistance 1, electricity
resistance, torment resistance 1, petrification resistance
a: Renounce Religion, Berserk


You were on level 1 of the Dungeon.
You worshipped Trog.
Trog was aware of your devotion.
You visited 1 branch of the dungeon, and saw 1 of its levels.

Inventory:

Hand Weapons
 a - a +0 mace (weapon)
Armour
 b - a +0 animal skin (worn)
Scrolls
 c - a scroll of identify {unknown}


   Skills:
 + Level 3.4 Fighting
 + Level 3.1 Maces & Flails
 + Level 2.1 Armour
 + Level 1.5 Dodging


You couldn't memorise any spells.
You didn't know any spells.
Your spell library was empty.

Dungeon Overview and Level Annotations

Branches:
Dungeon (1/15)

Altars:


Innate Abilities, Weirdness & Mutations

You are immune to sickness and miasma.
Your stone body is resilient. (AC +2)
You are immune to poison.
You resist negative energy. (rN+)
You are resistant to electric shocks. (rElec)
You are resistant to unholy torment.
You are immune to petrification.


Message History

You closely miss the bat. The bat hits you.
The bat hits you but does no damage. The bat closely misses you.
The bat misses you. The bat hits you.
* * * LOW HITPOINT WARNING * * *
You hit the bat.
You kill the bat!
Trog accepts your kill.
You see here a bat corpse.
A goblin comes into view. It is wielding a +0 club.
The goblin shouts!
You hear a shout!
A goblin comes into view. It is wielding a +0 club.
A bat comes into view.
You see here a +0 leather armour.
Unknown command.
You see here 6 poisoned darts.
The bat hits you.
* * * LOW HITPOINT WARNING * * *
The bat barely misses you. The goblin attacks as you move away!
The goblin barely misses you. The bat misses you.
The goblin attacks as you move away! The goblin hits you with a +0 club.
* * * LOW HITPOINT WARNING * * *
The bat hits you but does no damage. The bat barely misses you.
The goblin attacks as you move away! The goblin closely misses you.
The bat attacks as you move away! The bat hits you but does no damage.
The bat closely misses you. The goblin barely misses you.
The bat barely misses you.
You barely miss the bat. The bat hits you but does no damage.
The bat closely misses you. The goblin hits you with a +0 club.
* * * LOW HITPOINT WARNING * * *
You hit the goblin.
You kill the goblin!
Trog accepts your kill. The bat hits you but does no damage.
The goblin closely misses you. The bat barely misses you.
The bat closely misses you. The goblin hits you with a +0 club.
You die...

#...........
#..([.#
#.....#####
#.........#
#.........#
#.........#
#.†......†#
####....###
#@b..#
#.g..#
#....#
#....#
#....#
#....#
#....# ###
####.# #..
## #.#
#.##+++##.#


You could see a goblin and a bat.

Vanquished Creatures
  A goblin (D:1)
  A ball python (D:1)
  A bat (D:1)
3 creatures vanquished.

Notes
Turn   | Place    | Note
-------+----------+-------------------------------------------
     0 | D:1      | KarmaKiller the Gargoyle Berserker began the quest for the
                  | Orb.
     0 | D:1      | Reached XP level 1. HP: 14/14 MP: 1/1
    92 | D:1      | Slain by a goblin

Illustrated notes

Levels and vault maps discovered:
D:1:      dpeg_arrival_windows_large_door, layout_basic, amethyst_killhole,
          serial_park_tiny_1, grunt_decor_resistance, supply_closet_lemuel,
          minmay_misc_feat_tower, st_stairs_10

Action                   || total
-------------------------++-------
Melee: Mace              ||    10
 Stab: Sleeping          ||     1
Armor: Animal skin       ||    10
Dodge: Dodged            ||    19

Table legend: (Time is in decaauts)
 A = Elapsed time spent in this place.
 B = Non-inter-level travel time spent in this place.
 C = Inter-level travel time spent in this place.
 D = Time resting spent in this place.
 E = Time spent auto-exploring this place.
 F = Levels seen in this place.
 G = Mean time per level.
                   A        B        C        D        E       F      G
               +--------+--------+--------+--------+--------+-----+--------+
         Total |     94 |     94 |      0 |      0 |      0 |   1 |   94.0 |
       Dungeon |     94 |     94 |      0 |      0 |      0 |   1 |   94.0 |
               +--------+--------+--------+--------+--------+-----+--------+

Top non-repeatable levels by time:
     D:1: 94 daAuts
